[Event "ICC tourney 2892 (30 10)"]
[Site "Internet Chess Club"]
[Date "2022.04.23"]
[Round "3"]
[White "GUSEINOV, GADIR:GGuseinov"]
[Black "Nguyen, Hoa Duc:leoman"]
[Result "1-0"]
[ICCResult "Black resigns"]
[WhiteElo "2711"]
[BlackElo "2469"]
[Opening "Sicilian: closed"]
[ECO "B23"]
[NIC "SI.44"]
[Time "16:01:15"]
[PlyCount "35"]
[TimeControl "1800+10"]

1. e4 c5 2. Nc3 d6 3. Bb5+ Bd7 4. Bxd7+ Qxd7 5. d4 cxd4 6. Qxd4 e6 7. Bg5
Nc6 8. Qe3 Be7 9. O-O-O Nf6 10. f4 Qc7 11. Bxf6 gxf6 12. Qh3 O-O 13. f5 Qd7
14. Nge2 Rae8 15. Nf4 e5 16. Qh6 Kh8 17. Nh5 Rg8 18. Nd5 {Black resigns} 1-0

[Event "ICC tourney 2892 (30 10)"]
[Site "Internet Chess Club"]
[Date "2022.04.23"]
[Round "3"]
[White "JEGAN, ALAN:playtowin2020"]
[Black "NGUYEN, TIEN:ngthanhthuytien"]
[Result "1-0"]
[ICCResult "Black resigns"]
[WhiteElo "2037"]
[BlackElo "2050"]
[Opening "Sicilian: closed"]
[ECO "B23"]
[NIC "SI.44"]
[Time "16:01:12"]
[PlyCount "61"]
[TimeControl "1800+10"]

1. e4 c5 2. Nc3 e6 3. f4 d5 4. Nf3 d4 5. Ne2 Nf6 6. d3 b6 7. g3 Bb7 8. Bg2
h5 9. h3 Nc6 10. O-O Qc7 11. Bd2 g6 12. Re1 Bh6 13. c3 e5 14. fxe5 Bxd2 15.
Qxd2 Nd7 16. cxd4 cxd4 17. Qg5 Ndxe5 18. Nexd4 Nxd3 19. Re3 Nc5 20. Nb5 Qe7
21. Qf4 O-O 22. e5 Ne6 23. Qh6 Qc5 24. Nd6 Rab8 25. Ne4 Qxe3+ 26. Qxe3 Kg7
27. Nd6 Ba8 28. Ng5 Ned4 29. Bxc6 Nc2 30. Qc1 Nxa1 31. Bxa8 {Black resigns}
1-0

[Event "ICC tourney 2892 (30 10)"]
[Site "Internet Chess Club"]
[Date "2022.04.23"]
[Round "3"]
[White "YAN, RUIYANG:jy2020"]
[Black "HU, MERRIC:K09-14686967"]
[Result "1/2-1/2"]
[ICCResult "Game drawn by mutual agreement"]
[WhiteElo "2185"]
[BlackElo "2027"]
[Opening "Sicilian: accelerated fianchetto, Maróczy bind"]
[ECO "B36"]
[NIC "SI.33"]
[Time "16:01:05"]
[PlyCount "102"]
[TimeControl "1800+10"]

1. e4 c5 2. Nf3 Nc6 3. d4 cxd4 4. Nxd4 g6 5. c4 Nf6 6. Nc3 d6 7. Be2 Nxd4 8.
Qxd4 Bg7 9. Be3 O-O 10. Qd2 Be6 11. O-O Qa5 12. Rab1 Rfc8 13. b3 a6 14. f3
b5 15. b4 Qc7 16. Nd5 Nxd5 17. exd5 Bf5 18. Rbc1 bxc4 19. Rxc4 Qb7 20. Rfc1
Rxc4 21. Rxc4 Rc8 22. Qc1 Bd7 23. Rxc8+ Qxc8 24. Qxc8+ Bxc8 25. b5 axb5 26.
Bxb5 Bb7 27. Bc6 Ba6 28. a4 Bc3 29. Bb6 f5 30. Kf2 f4 31. Bb5 Bb7 32. a5
Bxd5 33. a6 Be5 34. Bd7 Ba8 35. Bc8 d5 36. Ba7 Bc6 37. Bb7 Bxb7 38. axb7 Kf7
39. Ke2 Ke6 40. Kd3 Kf5 41. b8=Q Bxb8 42. Bxb8 e5 43. Kc3 g5 44. Kb4 e4 45.
Kc5 exf3 46. gxf3 g4 47. fxg4+ Kxg4 48. Kxd5 f3 49. Bg3 Kh3 50. Ke4 f2 51.
Bxf2 Kxh2 {Game drawn by mutual agreement} 1/2-1/2

[Event "ICC tourney 2892 (30 10)"]
[Site "Internet Chess Club"]
[Date "2022.04.23"]
[Round "3"]
[White "ALEKSANDROV, ALEKSEJ:Aleksandrov73"]
[Black "QIN, VINCENT:VQinchess"]
[Result "1-0"]
[ICCResult "Black checkmated"]
[WhiteElo "2556"]
[BlackElo "2038"]
[Opening "King's Indian: Makagonov system (5.h3)"]
[ECO "E71"]
[NIC "KI.30"]
[Time "16:00:48"]
[PlyCount "85"]
[TimeControl "1800+10"]

1. d4 Nf6 2. c4 g6 3. Nc3 Bg7 4. e4 d6 5. h3 O-O 6. Be3 Nbd7 7. Nf3 c6 8. g4
e5 9. d5 cxd5 10. cxd5 Nc5 11. Nd2 a5 12. Be2 Nfd7 13. h4 f5 14. gxf5 gxf5
15. exf5 Rxf5 16. Nf1 Rf7 17. Ng3 Qb6 18. Qd2 Nf6 19. Na4 Qc7 20. Nxc5 dxc5
21. d6 Qd7 22. Bc4 b5 23. Bxf7+ Kxf7 24. Bxc5 Bb7 25. Rg1 Rc8 26. Rc1 Bf8
27. Qg5 Bxd6 28. Nh5 Nxh5 29. Qxh5+ Ke6 30. Qg4+ Ke7 31. Bxd6+ Kxd6 32. Rd1+
Bd5 33. Rxd5+ Kxd5 34. Qxd7+ Ke4 35. Qxc8 Kf3 36. Rg3+ Ke4 37. Qc2+ Kd5 38.
Rd3+ Ke6 39. Qc6+ Kf5 40. Rf3+ Kg4 41. Qe4+ Kh5 42. Qf5+ Kh6 43. Qg5#
{Black checkmated}
1-0

[Event "ICC tourney 2892 (30 10)"]
[Site "Internet Chess Club"]
[Date "2022.04.23"]
[Round "3"]
[White "HO, CARTER:corviknight"]
[Black "DENG, HENRY:SuperPuzzler"]
[Result "0-1"]
[ICCResult "White resigns"]
[WhiteElo "2028"]
[BlackElo "2090"]
[Opening "Giuoco Piano"]
[ECO "C50"]
[NIC "IG.02"]
[Time "16:00:49"]
[PlyCount "68"]
[TimeControl "1800+10"]

1. e4 e5 2. Nf3 Nc6 3. Bc4 Bc5 4. O-O Nf6 5. d3 d6 6. c3 a6 7. a4 Ba7 8.
Nbd2 h6 9. b4 O-O 10. h3 Be6 11. Re1 Bxc4 12. Nxc4 Re8 13. b5 axb5 14. axb5
Ne7 15. Be3 Bxe3 16. fxe3 Qd7 17. Qb3 Ng6 18. Na5 c6 19. Nc4 Rxa1 20. Rxa1
cxb5 21. Na3 Ra8 22. Rd1 d5 23. Nxb5 Ra6 24. d4 Rb6 25. Rb1 Nxe4 26. dxe5
Qe6 27. Rd1 Nxe5 28. Nxe5 Qxe5 29. Rxd5 Qg3 30. Rd8+ Kh7 31. Qxf7 Qxe3+ 32.
Kh2 Qg3+ 33. Kg1 Nf6 34. Na3 Rb2 {White resigns} 0-1

[Event "ICC tourney 2892 (30 10)"]
[Site "Internet Chess Club"]
[Date "2022.04.23"]
[Round "3"]
[White "SAFARLI, ELTAJ:KRASAVCHIK"]
[Black "Lie, Yoeng Kiong:yoengkiong333"]
[Result "0-1"]
[ICCResult "White checkmated"]
[WhiteElo "2639"]
[BlackElo "2100"]
[Opening "Sicilian: closed, 2...Nc6"]
[ECO "B23"]
[NIC "SI.44"]
[Time "16:00:48"]
[PlyCount "120"]
[TimeControl "1800+10"]

1. e4 c5 2. Nc3 Nc6 3. Bb5 Nd4 4. Nf3 e6 5. O-O a6 6. Bd3 Nc6 7. e5 d5 8.
exd6 Bxd6 9. Re1 Bd7 10. Ne4 Be7 11. c3 h6 12. a3 f5 13. Ng3 Nf6 14. Bc4 f4
15. Ne4 O-O 16. Nxf6+ Rxf6 17. d4 Kh8 18. Qe2 cxd4 19. cxd4 Bd6 20. Bd2 Ne7
21. Ne5 Bxe5 22. dxe5 Rf5 23. f3 Ng6 24. Bc3 Nh4 25. Rf1 Rg5 26. Rf2 Qb6 27.
Kh1 Bc6 28. Raf1 Nf5 29. Bd2 Ne3 30. Rc1 Rd8 31. Bd3 Rxe5 32. Be4 Ng4 33.
fxg4 Rxe4 34. Qf1 Bb5 35. Qg1 e5 36. Bc3 Be2 37. Re1 Qb5 38. h3 Kh7 39. Ra1
Re3 40. Qb1+ Bd3 41. Qg1 Qc6 42. Kh2 g5 43. Rd1 e4 44. Rfd2 Kg6 45. Qf2 b6
46. Be5 Qc5 47. Bc3 Qd6 48. Kh1 Rg3 49. Bb4 Qc6 50. Rc2 Qe6 51. Qg1 f3 52.
Be1 fxg2+ 53. Kh2 Rf3 54. Rxg2 e3 55. Bg3 Qe4 56. Re1 Rdf8 57. b4 Bf1 58.
Rb2 R8f6 59. Rb3 Qc2+ 60. Qg2 Qxg2# {White checkmated} 0-1

[Event "ICC tourney 2892 (30 10)"]
[Site "Internet Chess Club"]
[Date "2022.04.23"]
[Round "3"]
[White "SRIPADA, HAVISH:brilliantnessme"]
[Black "YANG, KAIQI:YKQ"]
[Result "0-1"]
[ICCResult "White checkmated"]
[WhiteElo "1985"]
[BlackElo "2531"]
[Opening "French: Winawer (Nimzovich) variation"]
[ECO "C15"]
[NIC "FR.08"]
[Time "16:00:51"]
[PlyCount "108"]
[TimeControl "1800+10"]

1. e4 e6 2. d4 d5 3. Nc3 Bb4 4. exd5 exd5 5. Bd3 Nf6 6. Ne2 O-O 7. O-O Re8
8. a3 Bd6 9. Bf4 c6 10. Qd2 a5 11. Bxd6 Qxd6 12. Ng3 Be6 13. Na4 Nbd7 14. b4
axb4 15. axb4 b6 16. b5 c5 17. dxc5 bxc5 18. c4 d4 19. f4 g6 20. f5 gxf5 21.
Nxf5 Bxf5 22. Bxf5 Re3 23. Rae1 Qe5 24. Nb2 Ra2 25. Bxd7 Nxd7 26. Rxe3 Qxe3+
27. Qxe3 dxe3 28. Nd3 Rd2 29. Nf4 Nb6 30. Nd5 Nxc4 31. b6 Rxd5 32. b7 Rd8
33. Ra1 Na5 34. Re1 Nxb7 35. Rxe3 c4 36. Rg3+ Kf8 37. Rc3 Nd6 38. g4 Rc8 39.
Kf1 Nb5 40. Rc1 c3 41. g5 Rd8 42. h4 Rd2 43. h5 c2 44. Ke1 Rh2 45. g6 hxg6
46. h6 Kg8 47. h7+ Kxh7 48. Kf1 Rh1+ 49. Kg2 Rxc1 50. Kf2 Rd1 51. Ke2 c1=Q
52. Kf2 Qf4+ 53. Ke2 Rd2+ 54. Ke1 Qf2# {White checkmated} 0-1

[Event "ICC tourney 2892 (30 10)"]
[Site "Internet Chess Club"]
[Date "2022.04.23"]
[Round "3"]
[White "LIANG, YU-CHENG:Yucheng"]
[Black "TANG, ZOEY:WonderZ"]
[Result "0-1"]
[ICCResult "White resigns"]
[WhiteElo "2026"]
[BlackElo "2072"]
[Opening "Grünfeld: modern exchange variation"]
[ECO "D85"]
[NIC "GI.04"]
[Time "16:00:43"]
[PlyCount "116"]
[TimeControl "1800+10"]

1. d4 Nf6 2. c4 g6 3. Nc3 d5 4. cxd5 Nxd5 5. e4 Nxc3 6. bxc3 Bg7 7. Nf3 c5
8. Bb5+ Nd7 9. O-O O-O 10. Re1 a6 11. Bf1 b5 12. a4 b4 13. cxb4 cxb4 14. a5
Nc5 15. Bd2 Bxd4 16. Rc1 Bg4 17. Bxb4 Ne6 18. Bc3 Qd6 19. e5 Qd8 20. Bc4
Bxc3 21. Qxd8 Rfxd8 22. Rxc3 Rac8 23. Rcc1 Bxf3 24. Bxe6 fxe6 25. gxf3 Rxc1
26. Rxc1 Rd5 27. Rc6 Rxa5 28. Rxe6 Kf7 29. Rb6 Ra1+ 30. Kg2 a5 31. Ra6 a4
32. f4 a3 33. Kf3 Ke8 34. Ra7 Kd8 35. e6 a2 36. Ke2 Kc8 37. Kf3 Kb8 38. Ra3
Kc7 39. Ra8 Kd6 40. Ra6+ Kd5 41. h3 h6 42. h4 h5 43. f5 gxf5 44. Kf4 Rf1 45.
Rxa2 Kxe6 46. Ra6+ Kf7 47. Kxf5 Rxf2+ 48. Kg5 Rg2+ 49. Kxh5 e5 50. Kh6 e4
51. Ra4 e3 52. Re4 e2 53. h5 Kf6 54. Kh7 Rg7+ 55. Kh8 Re7 56. Rxe7 Kxe7 57.
h6 e1=Q 58. h7 Kf6 {White resigns} 0-1

[Event "ICC tourney 2892 (30 10)"]
[Site "Internet Chess Club"]
[Date "2022.04.23"]
[Round "4"]
[White "NGUYEN, TIEN:ngthanhthuytien"]
[Black "HO, CARTER:corviknight"]
[Result "1/2-1/2"]
[ICCResult "Game drawn by mutual agreement"]
[WhiteElo "2050"]
[BlackElo "2028"]
[Opening "Sicilian: Anderssen variation"]
[ECO "B41"]
[NIC "SI.41"]
[Time "18:00:36"]
[PlyCount "21"]
[TimeControl "1800+10"]

1. e4 c5 2. Nf3 e6 3. d4 cxd4 4. Nxd4 Nf6 5. f3 d6 6. c4 Be7 7. Nc3 O-O 8.
Be3 Nc6 9. Rc1 Bd7 10. Nc2 Rc8 11. Qd2 {Game drawn by mutual agreement}
1/2-1/2

[Event "ICC tourney 2892 (30 10)"]
[Site "Internet Chess Club"]
[Date "2022.04.23"]
[Round "4"]
[White "HU, MERRIC:K09-14686967"]
[Black "SAFARLI, ELTAJ:KRASAVCHIK"]
[Result "0-1"]
[ICCResult "White resigns"]
[WhiteElo "2027"]
[BlackElo "2639"]
[Opening "Giuoco Piano"]
[ECO "C50"]
[NIC "IG.02"]
[Time "18:00:41"]
[PlyCount "92"]
[TimeControl "1800+10"]

1. e4 e5 2. Nf3 Nc6 3. Bc4 Bc5 4. O-O Nf6 5. d3 h6 6. a4 d6 7. c3 a6 8. Nbd2
O-O 9. h3 Be6 10. Re1 Re8 11. a5 d5 12. exd5 Bxd5 13. Qb3 Rb8 14. Ne4 Nxe4
15. dxe4 Be6 16. Be3 Bxe3 17. Rxe3 Qd6 18. Bxe6 Qxe6 19. Qxe6 Rxe6 20. Rd3
Rd6 21. Rxd6 cxd6 22. b4 Kf8 23. Rd1 Ke7 24. Nd2 Na7 25. Nc4 Nb5 26. Rd3 Ke6
27. Nb6 f5 28. f3 Rf8 29. Nd5 g6 30. g4 Rf7 31. Kg2 Kd7 32. Ne3 fxe4 33.
fxe4 Kc6 34. Nd5 Nc7 35. Nxc7 Kxc7 36. Kg3 Rf4 37. Re3 d5 38. exd5 Kd6 39.
Rd3 Rc4 40. Kf2 e4 41. Re3 Kxd5 42. h4 Ke5 43. Kg3 Rc7 44. Kf2 Kf4 45. Ke2
Rc4 46. g5 h5 {White resigns} 0-1

[Event "ICC tourney 2892 (30 10)"]
[Site "Internet Chess Club"]
[Date "2022.04.23"]
[Round "4"]
[White "Volkov, Sergey:Volkov"]
[Black "POPILSKI, GIL:kurumania"]
[Result "1-0"]
[ICCResult "Black resigns"]
[WhiteElo "2559"]
[BlackElo "2508"]
[Opening "Nimzo-Indian: Kmoch variation"]
[ECO "E20"]
[NIC "NI.30"]
[Time "18:00:37"]
[PlyCount "77"]
[TimeControl "1800+10"]

1. d4 Nf6 2. c4 e6 3. Nc3 Bb4 4. f3 d5 5. a3 Bd6 6. c5 Be7 7. b4 Nc6 8. f4
Ne4 9. Nxe4 dxe4 10. e3 f5 11. b5 Na5 12. Bd2 b6 13. Bxa5 bxa5 14. Bc4 a6
15. a4 h5 16. Ne2 Rh6 17. O-O g5 18. Qb3 Kf8 19. fxg5 Bxg5 20. Rad1 axb5 21.
axb5 a4 22. Qa3 Qe7 23. d5 exd5 24. Bxd5 Rb8 25. Nd4 Qf6 26. Bxe4 fxe4 27.
Rxf6+ Rxf6 28. Rf1 Rxf1+ 29. Kxf1 Kg7 30. Qxa4 Bg4 31. Qa3 Bh4 32. g3 Bf6
33. Qa7 Rf8 34. Ke1 Bxd4 35. exd4 e3 36. Qxc7+ Kg8 37. h3 Bf3 38. Qe5 e2 39.
Qe3 {Black resigns} 1-0

[Event "ICC tourney 2892 (30 10)"]
[Site "Internet Chess Club"]
[Date "2022.04.23"]
[Round "4"]
[White "SRIPADA, HAVISH:brilliantnessme"]
[Black "JEGAN, ALAN:playtowin2020"]
[Result "1-0"]
[ICCResult "Black resigns"]
[WhiteElo "1985"]
[BlackElo "2037"]
[Opening "Sicilian: accelerated fianchetto, Maróczy bind"]
[ECO "B36"]
[NIC "SI.33"]
[Time "18:00:30"]
[PlyCount "141"]
[TimeControl "1800+10"]

1. e4 c5 2. Nf3 g6 3. d4 cxd4 4. Nxd4 Nc6 5. c4 Nf6 6. Nc3 d6 7. Be2 Nxd4 8.
Qxd4 Bg7 9. Be3 O-O 10. Qd2 Be6 11. O-O Rc8 12. b3 a6 13. Rac1 Re8 14. f3
Qa5 15. Bd3 Nd7 16. Nd5 Qxd2 17. Bxd2 Nc5 18. Bb1 Bxd5 19. cxd5 Bd4+ 20. Kh1
e5 21. dxe6 fxe6 22. Bc2 Rc6 23. b4 Nd7 24. Ba4 Rxc1 25. Rxc1 b5 26. Bb3 Ne5
27. h3 Bb6 28. Kh2 Bd4 29. f4 Nd7 30. Rc6 d5 31. exd5 exd5 32. Bxd5+ Kh8 33.
Re6 Rc8 34. Re4 Bg7 35. Be6 Re8 36. Re1 Nb6 37. Bf7 Rd8 38. Re8+ Rxe8 39.
Bxe8 Nc4 40. Be1 Kg8 41. Bc6 Nd6 42. Bf2 Bc3 43. Bc5 Nc4 44. Bb7 a5 45. Bd5+
Kg7 46. Bxc4 bxc4 47. b5 Bd2 48. g3 c3 49. b6 c2 50. Ba3 Be3 51. b7 Ba7 52.
Kg2 Kf6 53. Kf3 Ke6 54. Ke4 Kd7 55. Kd3 Kc6 56. Kxc2 Kxb7 57. Kd3 Bf2 58. g4
Kc6 59. Ke4 Kd7 60. Kd5 Be3 61. f5 gxf5 62. gxf5 Bg5 63. Ke5 Ke8 64. Ke6 Bd2
65. f6 Bb4 66. Bxb4 axb4 67. h4 Kf8 68. h5 Ke8 69. f7+ Kf8 70. Kf6 h6 71.
Kg6 {Black resigns} 1-0

[Event "ICC tourney 2892 (30 10)"]
[Site "Internet Chess Club"]
[Date "2022.04.23"]
[Round "4"]
[White "SHEEHAN, ETHAN THOMAS:Chessking2008"]
[Black "ALEKSANDROV, ALEKSEJ:Aleksandrov73"]
[Result "1/2-1/2"]
[ICCResult "Game drawn by mutual agreement"]
[WhiteElo "2250"]
[BlackElo "2556"]
[Opening "QGD: 3.Nc3"]
[ECO "D31"]
[NIC "EO.64"]
[Time "18:00:40"]
[PlyCount "92"]
[TimeControl "1800+10"]

1. c4 e6 2. Nc3 d5 3. d4 Bb4 4. cxd5 exd5 5. Nf3 c6 6. Qc2 Ne7 7. a3 Bd6 8.
Bg5 f6 9. Bh4 Bf5 10. Qd2 Nd7 11. e3 Nb6 12. Bd3 Bxd3 13. Qxd3 Qd7 14. O-O
O-O 15. Bg3 Bxg3 16. hxg3 Nc4 17. b3 Nd6 18. Nd2 h5 19. b4 Qg4 20. b5 Nef5
21. bxc6 bxc6 22. Qe2 Qg6 23. Qf3 h4 24. gxh4 Nxh4 25. Qh3 Nhf5 26. Ne2 Kf7
27. Nf4 Qg5 28. Rfc1 Rac8 29. Rc5 Rh8 30. Nf3 Qh6 31. Qxh6 Rxh6 32. Ra5 Ra8
33. Ra6 g5 34. Nxd5 cxd5 35. g4 Rh3 36. Kg2 Rah8 37. gxf5 Nxf5 38. Rb1 g4
39. Rb7+ Ne7 40. Ng1 Rh2+ 41. Kf1 g3 42. fxg3 Ra2 43. Raxa7 Rhh2 44. Rxe7+
Kf8 45. Nf3 Rh1+ 46. Ng1 Rhh2 {Game drawn by mutual agreement} 1/2-1/2

[Event "ICC tourney 2892 (30 10)"]
[Site "Internet Chess Club"]
[Date "2022.04.23"]
[Round "4"]
[White "Lie, Yoeng Kiong:yoengkiong333"]
[Black "GUSEINOV, GADIR:GGuseinov"]
[Result "0-1"]
[ICCResult "White resigns"]
[WhiteElo "2100"]
[BlackElo "2711"]
[Opening "King's Indian: 6.Be2"]
[ECO "E91"]
[NIC "KI.19"]
[Time "18:00:39"]
[PlyCount "98"]
[TimeControl "1800+10"]

1. Nf3 g6 2. c4 Bg7 3. d4 d6 4. Nc3 Nf6 5. e4 O-O 6. Be2 c5 7. d5 e6 8. Bg5
exd5 9. cxd5 Bg4 10. Nd2 Bxe2 11. Qxe2 Re8 12. O-O Nbd7 13. f4 a6 14. Nc4
Nb6 15. Nxb6 Qxb6 16. f5 Nd7 17. f6 Bh8 18. Qd2 Re5 19. h4 Rae8 20. Rad1 h6
21. Bxh6 Nxf6 22. Qf2 Qc7 23. Qc2 Nxe4 24. Bd2 Nxc3 25. Bxc3 Re2 26. Rd2
Rxd2 27. Qxd2 Bxc3 28. Qxc3 Qe7 29. h5 gxh5 30. Qg3+ Kh7 31. Qf3 Kg7 32.
Qg3+ Kh7 33. Qf3 Kg6 34. Qg3+ Kh6 35. Qf4+ Kg7 36. Qg3+ Kh8 37. Qc3+ Kh7 38.
Qf3 Qe3+ 39. Qxe3 Rxe3 40. Rxf7+ Kg6 41. Rxb7 Rd3 42. Ra7 Rxd5 43. Rxa6 Kf5
44. Ra3 Rd2 45. Rf3+ Ke4 46. Rf2 Rd5 47. a4 c4 48. Re2+ Kd3 49. Kf1 Ra5
{White resigns}
0-1

[Event "ICC tourney 2892 (30 10)"]
[Site "Internet Chess Club"]
[Date "2022.04.23"]
[Round "4"]
[White "YANG, KAIQI:YKQ"]
[Black "WEN, YILI:yyyw"]
[Result "1-0"]
[ICCResult "Black resigns"]
[WhiteElo "2531"]
[BlackElo "2150"]
[Opening "Scotch gambit: Dubois-Réti defense"]
[ECO "C55"]
[NIC "KP.02"]
[Time "18:00:38"]
[PlyCount "97"]
[TimeControl "1800+10"]

1. e4 e5 2. Nf3 Nc6 3. d4 exd4 4. Bc4 Nf6 5. e5 d5 6. Bb5 Ne4 7. Nxd4 Bd7 8.
Bxc6 bxc6 9. O-O Be7 10. f3 Nc5 11. Be3 O-O 12. Nd2 f6 13. exf6 Bxf6 14.
Nxc6 Bxc6 15. Bxc5 Re8 16. c3 d4 17. Bxd4 Bxd4+ 18. cxd4 Qxd4+ 19. Rf2 Rad8
20. Qb3+ Kh8 21. Qc3 Qxc3 22. bxc3 Rd3 23. Rc1 Kg8 24. Nb3 Ree3 25. c4 Rc3
26. Rfc2 Rcd3 27. Nc5 Ra3 28. Rd2 Kf7 29. Kf2 Re5 30. Nb3 Ba4 31. Nd4 Rh5
32. h3 Rc5 33. Ne2 h5 34. h4 g6 35. Kg3 Bc6 36. Nf4 Ra4 37. Nd3 Rca5 38.
Rcc2 Kf6 39. Re2 Bd7 40. Nf4 Bf5 41. Rc3 Rxa2 42. Nd5+ Kf7 43. Re7+ Kf8 44.
Rxc7 Re2 45. Rb3 Raa2 46. Rb8+ Re8 47. Rbb7 Ree2 48. Nf6 Rxg2+ 49. Kf4
{Black resigns}
1-0

[Event "ICC tourney 2892 (30 10)"]
[Site "Internet Chess Club"]
[Date "2022.04.23"]
[Round "4"]
[White "Nguyen, Hoa Duc:leoman"]
[Black "MAMMADOV, ZAUR:zaur94"]
[Result "0-1"]
[ICCResult "White resigns"]
[WhiteElo "2469"]
[BlackElo "2572"]
[Opening "French: advance, Paulsen attack"]
[ECO "C02"]
[NIC "FR.03"]
[Time "18:00:23"]
[PlyCount "106"]
[TimeControl "1800+10"]

1. e4 e6 2. d4 d5 3. e5 c5 4. c3 Nc6 5. Nf3 Qb6 6. a3 Bd7 7. b4 cxd4 8. cxd4
Rc8 9. Be3 Nge7 10. Bd3 Nf5 11. Bxf5 exf5 12. O-O Be7 13. Nc3 Be6 14. Qd3 a6
15. Rfc1 O-O 16. Rc2 Na7 17. Rac1 h6 18. Nd2 a5 19. b5 a4 20. Rb1 Qa5 21. b6
Nc6 22. Nb5 Qa6 23. Rc3 Rfd8 24. f4 Bd7 25. Qc2 Nb4 26. Rxb4 Bxb4 27. Nc7
Qxb6 28. axb4 Bc6 29. b5 Rxc7 30. Rc5 Ra8 31. bxc6 Rxc6 32. Qa2 a3 33. Rxd5
Qb2 34. Qxb2 axb2 35. Rb5 Rc2 36. Rxb7 Ra1+ 37. Kf2 b1=Q 38. Rxb1 Rxb1 39.
d5 Kf8 40. Ke2 Rh1 41. Kd3 Ra2 42. h3 Ke8 43. Nc4 Rxg2 44. Nd6+ Kd7 45. Nxf7
Rd1+ 46. Kc4 Rc2+ 47. Kb3 Re2 48. e6+ Ke8 49. Nd6+ Kf8 50. Nxf5 Rxe3+ 51.
Nxe3 Rd3+ 52. Kc4 Rxe3 53. d6 Rxe6 {White resigns} 0-1

[Event "ICC tourney 2892 (30 10)"]
[Site "Internet Chess Club"]
[Date "2022.04.23"]
[Round "4"]
[White "DENG, HENRY:SuperPuzzler"]
[Black "YAN, RUIYANG:jy2020"]
[Result "1/2-1/2"]
[ICCResult "Game drawn by mutual agreement"]
[WhiteElo "2090"]
[BlackElo "2185"]
[Opening "Sicilian: closed"]
[ECO "B23"]
[NIC "SI.44"]
[Time "18:00:25"]
[PlyCount "110"]
[TimeControl "1800+10"]

1. e4 c5 2. Nc3 d6 3. Nge2 Nf6 4. g3 g6 5. Bg2 Bg7 6. d3 Nc6 7. h3 Rb8 8. f4
Nd7 9. O-O O-O 10. a4 Nd4 11. Nxd4 cxd4 12. Ne2 b6 13. g4 Bb7 14. Ng3 Qc7
15. g5 Rbc8 16. Rf2 a6 17. h4 b5 18. h5 Nc5 19. hxg6 hxg6 20. axb5 axb5 21.
Qg4 Ra8 22. Rb1 Nd7 23. f5 Ne5 24. Qh4 Bc8 25. Bh1 f6 26. fxg6 Nxg6 27. Qh5
Kf7 28. gxf6 exf6 29. e5 Rh8 30. Qf3 Rb8 31. exf6 Bh6 32. Bxh6 Rxh6 33. Qe2
Be6 34. Ne4 Ba2 35. Ra1 Rbh8 36. Bg2 Rh5 37. Rxa2 d5 38. Nd6+ Qxd6 39. Ra7+
Kf8 40. f7 Re5 41. Qf3 Re1+ 42. Bf1 Qb8 43. Ra6 Nh4 44. Qg4 Re3 45. Bg2 Re1+
46. Bf1 Re3 47. Bg2 Rg3 48. Qf4 Qxf4 49. Rxf4 Nxg2 50. Ra8+ Kg7 51. f8=Q+
Rxf8 52. Rfxf8 Ne3+ 53. Kh1 Rh3+ 54. Kg1 Rg3+ 55. Kh1 Rh3+
{Game drawn by mutual agreement}
1/2-1/2

[Event "ICC tourney 2892 (30 10)"]
[Site "Internet Chess Club"]
[Date "2022.04.23"]
[Round "5"]
[White "POPILSKI, GIL:kurumania"]
[Black "QIN, VINCENT:VQinchess"]
[Result "1-0"]
[ICCResult "Black checkmated"]
[WhiteElo "2508"]
[BlackElo "2038"]
[Opening "Sicilian: Kan, 5.Nc3"]
[ECO "B43"]
[NIC "SI.41"]
[Time "20:00:26"]
[PlyCount "49"]
[TimeControl "1800+10"]

1. e4 c5 2. Nf3 e6 3. d4 cxd4 4. Nxd4 a6 5. Nc3 Qc7 6. Bd3 Nf6 7. O-O Bc5 8.
Nb3 Ba7 9. Qe2 Nc6 10. Be3 b5 11. Bxa7 Rxa7 12. f4 d6 13. Qf2 O-O 14. Qh4 h6
15. Rae1 Bd7 16. e5 dxe5 17. fxe5 Nxe5 18. Rxf6 gxf6 19. Qxh6 Nxd3 20. Re4
Qb6+ 21. Nd4 e5 22. Nd5 Bf5 23. Rh4 Qxd4+ 24. Rxd4 exd4 25. Nxf6#
{Black checkmated}
1-0

[Event "ICC tourney 2892 (30 10)"]
[Site "Internet Chess Club"]
[Date "2022.04.23"]
[Round "5"]
[White "SAFARLI, ELTAJ:KRASAVCHIK"]
[Black "SHEEHAN, ETHAN THOMAS:Chessking2008"]
[Result "1-0"]
[ICCResult "Black checkmated"]
[WhiteElo "2639"]
[BlackElo "2250"]
[Opening "Caro-Kann: Tartakower (Nimzovich) variation"]
[ECO "B15"]
[NIC "CK.06"]
[Time "20:02:24"]
[PlyCount "211"]
[TimeControl "1800+10"]

1. e4 c6 2. d4 d5 3. Nc3 dxe4 4. Nxe4 Nf6 5. Nxf6+ exf6 6. Bd3 Qxd4 7. Nf3
Qd6 8. Qe2+ Be7 9. Be3 O-O 10. O-O-O Qc7 11. Kb1 a5 12. Bb6 Qxb6 13. Qxe7
Qb4 14. Qe3 Na6 15. Rhe1 Be6 16. Nd4 Rfe8 17. a3 Qf8 18. Nxe6 Rxe6 19. Qh3
g6 20. Rxe6 fxe6 21. Bxa6 bxa6 22. Rd7 h5 23. Qxe6+ Kh8 24. Rf7 Qd8 25.
Qxf6+ Qxf6 26. Rxf6 Kg7 27. Rxc6 Re8 28. Rxa6 Re1+ 29. Ka2 Re2 30. Rxa5 Rxf2
31. Rg5 Kf6 32. h4 Rxc2 33. g3 Rd2 34. a4 Rd4 35. Ka3 Re4 36. a5 Rc4 37. b4
Rc6 38. Ka4 Rc1 39. a6 Ra1+ 40. Kb5 Ra3 41. Kb6 Ra4 42. b5 Re4 43. a7 Re6+
44. Ka5 Re8 45. b6 Ra8 46. Ka6 Re8 47. b7 Re6+ 48. Kb5 Re1 49. b8=N Rb1+ 50.
Ka6 Ra1+ 51. Ra5 Rxa5+ 52. Kxa5 Kf5 53. a8=Q Kg4 54. Qg2 Kf5 55. Qf3+ Ke5
56. Qf4+ Ke6 57. Qg5 Kf7 58. Nc6 Kg7 59. Ne5 Kh8 60. Nxg6+ Kg7 61. Nf4+ Kf7
62. Nxh5 Ke8 63. Nf4 Kd7 64. Nh3 Kc8 65. Ng1 Kb7 66. h5 Ka8 67. h6 Kb7 68.
g4 Ka7 69. Qe7+ Ka8 70. h7 Kb8 71. g5 Ka8 72. g6 Kb8 73. g7 Ka8 74. Kb4 Kb8
75. Kc3 Ka8 76. Kd2 Kb8 77. Ke1 Ka8 78. h8=N Kb8 79. g8=B Ka8 80. Bc4 Kb8
81. Bf1 Ka8 82. Ng6 Kb8 83. Ne5 Ka8 84. Nc4 Kb8 85. Nd2 Ka8 86. Nb1 Kb8 87.
Qd7 Ka8 88. Qd1 Kb8 89. Nc3 Ka8 90. Qd7 Kb8 91. Nd5 Ka8 92. Ne7 Kb8 93. Nf3
Ka8 94. Ne5 Kb8 95. Nf7 Ka8 96. Nd6 Kb8 97. Ke2 Ka8 98. Ke3 Kb8 99. Ke4 Ka8
100. Ke5 Kb8 101. Ke6 Ka8 102. Bd3 Kb8 103. Bc4 Ka8 104. Bd5+ Kb8 105. Nc6+
Ka8 106. Qb7# {Black checkmated} 1-0

[Event "ICC tourney 2892 (30 10)"]
[Site "Internet Chess Club"]
[Date "2022.04.23"]
[Round "5"]
[White "YAN, RUIYANG:jy2020"]
[Black "SRIPADA, HAVISH:brilliantnessme"]
[Result "1-0"]
[ICCResult "Black resigns"]
[WhiteElo "2185"]
[BlackElo "1985"]
[Opening "Sicilian: Najdorf"]
[ECO "B90"]
[NIC "SI.14"]
[Time "20:00:07"]
[PlyCount "97"]
[TimeControl "1800+10"]

1. e4 c5 2. Nf3 d6 3. d4 cxd4 4. Nxd4 Nf6 5. Nc3 a6 6. a4 e5 7. Nf3 Be7 8.
Bg5 Be6 9. Bxf6 Bxf6 10. Nd5 Nd7 11. Bc4 Nb6 12. Nxf6+ Qxf6 13. Bxe6 Qxe6
14. Qe2 O-O 15. b3 d5 16. a5 Nd7 17. O-O d4 18. Nd2 b5 19. axb6 Qxb6 20. Nc4
Qc7 21. Qd2 Nc5 22. f3 d3 23. b4 Nxe4 24. Qxd3 Nf6 25. Ne3 Rfd8 26. Qb3 Qb6
27. Kh1 Rac8 28. c4 e4 29. fxe4 Nxe4 30. c5 Qg6 31. Nf5 Re8 32. Rad1 Nd2 33.
Qh3 Qg5 34. Rxd2 Qxd2 35. Ne7+ Kh8 36. Nxc8 Qf2 37. Qd3 Qe1 38. Nd6 Qe3 39.
Qxe3 Rxe3 40. Rc1 g6 41. c6 Kg7 42. c7 a5 43. c8=Q axb4 44. Qb7 h5 45. Qxf7+
Kh6 46. Qf4+ g5 47. Qxe3 b3 48. Qe6+ Kg7 49. Rc7+ {Black resigns} 1-0